Map: Eternal Empire LE

Players

Reynor - Winner!

  • Race: Zerg Zerg
  • League: Grandmaster
  • Spawn Location: 1:00

Lambo

  • Race: Zerg Zerg
  • League: Grandmaster
  • Spawn Location: 7:00

Event: StayAtHomestory Cup #1

VOD

Have the link to the VOD?

Description

Time

  • Played on: April 10, 2020, 1:20 p.m.
  • Length: 7:44

All games in this series

Show
View Real Time Build Order
Export as new Build Order

Reynor Zerg - Winner!

Build Orders: Hatch First 

Get SALT Encoding   

  12  0:00  Drone  
  13  0:12  Overlord  
  13  0:17  Drone  
  14  0:31  Drone x2  
  16  0:48  Hatchery  
  15  0:52  Drone  
  15  0:56  Drone  
  17  0:59  Drone  
  18  1:10  Extractor  
  17  1:15  Spawning Pool  
  17  1:18  Drone  
  17  1:21  Drone  
  18  1:28  Drone  
  19  1:39  Drone  
  20  1:49  Overlord  
  20  2:00  Drone x2  
  22  2:01  Queen x2  
  26  2:11  Drone, Metabolic Boost  
  26  2:13  Drone  
  28  2:22  Drone x2  
  30  2:35  Hatchery  
  29  2:37  Drone  
  29  2:40  Zergling x2  
  32  2:44  Drone x2  
  32  2:51  Baneling Nest  
  32  2:55  Zergling x4  
  34  3:04  Overlord  
  34  3:05  Drone  
  34  3:10  Drone  
  36  3:16  Overlord  
  36  3:22  Drone  
  36  3:23  Drone x4, Evolution Chamber  
  40  3:31  Zergling x4  
  40  3:33  Queen  
  44  3:42  Drone x4  
  44  3:43  Drone, Overlord  
  44  3:46  Drone  
  50  3:52  Zergling x2  
  50  3:54  Zerg Missile Weapons Level 1  
  52  3:55  Drone x2  
  52  3:59  Drone x2  
  55  4:06  Overlord  
  55  4:07  Drone  
  55  4:09  Drone  
  57  4:14  Lair  
  57  4:15  Drone  
  58  4:17  Drone  
  58  4:20  Extractor  
  58  4:21  Extractor, Drone  
  57  4:25  Roach Warren  
  57  4:27  Drone x2  
  58  4:32  Drone  
  58  4:34  Roach Warren  
  58  4:38  Drone x2  
  61  4:39  Extractor  
  61  4:41  Drone  
  61  4:46  Drone, Overlord  
  61  4:47  Drone x7  
  69  4:53  Drone, Pneumatized Carapace  
  69  4:55  Drone x2  
  69  4:56  Extractor x2  
  70  5:03  Drone  
  70  5:04  Drone x2  
  73  5:11  Drone x2  
  73  5:12  Drone  
  73  5:13  Spire  
  75  5:16  Drone  
  75  5:17  Drone  
  75  5:18  Drone  
  75  5:19  Overlord  
  78  5:22  Hatchery  
  78  5:28  Drone x3  
  80  5:29  Overseer  
  80  5:34  Glial Reconstitution  
  80  5:43  Overlord  
  80  5:49  Zergling x12  
  86  5:51  Overlord  
  86  5:56  Zergling x8  
  89  5:58  Overlord  
  89  6:01  Baneling x2  
  89  6:03  Zergling x8  
  93  6:08  Overlord  
  90  6:21  Baneling  
  89  6:26  Corruptor x9  
  89  6:29  Roach x3  
  89  6:30  Roach  
  115  6:38  Overlord  
  115  6:40  Roach x2  
  115  6:41  Roach  
  115  6:45  Hatchery  
  120  6:49  Overlord  
  120  6:55  Roach  
  120  6:59  Roach x4  
  130  7:05  Overlord  
  130  7:07  Roach x4  
  137  7:12  Roach, Overlord  
  138  7:21  Spore Crawler  
  137  7:24  Overlord  
Show
View Real Time Build Order
Export as new Build Order

Lambo Zerg 

Build Orders: Hatch First 

Get SALT Encoding   

  12  0:01  Drone  
  13  0:12  Overlord  
  13  0:17  Drone  
  14  0:31  Drone x2  
  16  0:48  Hatchery  
  15  0:51  Drone  
  15  0:55  Drone  
  17  0:58  Drone  
  18  1:08  Extractor  
  17  1:13  Spawning Pool  
  17  1:16  Drone  
  17  1:20  Drone  
  18  1:29  Drone  
  20  1:40  Drone  
  20  1:50  Drone  
  21  1:59  Queen  
  21  2:00  Zergling x2, Queen, Overlord  
  26  2:09  Metabolic Boost  
  26  2:10  Drone  
  26  2:12  Drone  
  28  2:21  Drone x2  
  30  2:34  Hatchery  
  29  2:39  Drone  
  29  2:40  Drone  
  29  2:43  Drone  
  32  2:47  Baneling Nest  
  32  2:51  Overlord  
  31  2:56  Drone  
  31  2:57  Zergling x2  
  33  3:05  Zergling x4  
  35  3:08  Evolution Chamber  
  35  3:09  Drone x2  
  35  3:12  Zergling x2  
  37  3:14  Drone  
  37  3:19  Drone  
  39  3:22  Overlord  
  39  3:28  Drone  
  39  3:29  Drone  
  41  3:34  Zerg Melee Weapons Level 1  
  41  3:35  Drone  
  41  3:39  Drone x2  
  44  3:43  Queen  
  44  3:45  Drone  
  44  3:47  Drone  
  48  3:52  Drone x3  
  48  3:55  Drone x2  
  53  3:59  Drone x2  
  53  4:01  Extractor  
  53  4:02  Drone  
  55  4:08  Lair  
  55  4:10  Extractor, Drone x2  
  55  4:13  Drone  
  55  4:14  Drone  
  58  4:19  Overlord  
  58  4:22  Overlord  
  58  4:28  Overlord  
  58  4:30  Roach Warren  
  57  4:33  Baneling  
  57  4:36  Drone  
  58  4:39  Extractor  
  58  4:40  Drone x3  
  58  4:41  Drone x3  
  58  4:44  Drone x3  
  66  4:46  Drone  
  66  4:47  Drone  
  66  4:50  Drone  
  69  4:53  Drone x3  
  69  4:58  Extractor x2, Drone x2  
  72  5:03  Overlord  
  71  5:08  Drone x4  
  75  5:19  Spire, Drone  
  75  5:25  Hatchery  
  75  5:27  Zergling x2  
  75  5:28  Zergling x8  
  79  5:33  Zergling x4  
  81  5:35  Overlord  
  81  5:40  Zergling x10  
  86  5:48  Zergling x6  
  89  5:53  Overlord  
  89  5:56  Queen  
  91  6:00  Baneling x2  
  91  6:01  Overlord  
  91  6:06  Overlord  
  91  6:07  Unknown  
  87  6:33  Mutalisk x13  
  113  6:43  Mutalisk  
  114  6:52  Zergling x18  
  119  6:59  Mutalisk x2  
  123  7:02  Drone x4  
  127  7:09  Unknown  
  127  7:10  Hatchery, Overlord x2  
  127  7:11  Overlord  
  127  7:14  Overlord  
Tags
 
Add a new tag
Caveats
  • Supply blocks, unpowered buildings, or Contaminate may cause inaccurate times.
  • Supply counts are checked every 10 seconds.